 Dungeon Crawl Stone Soup version 0.29.0-11-gd7f09526c8 (webtiles) character file.

Game seed: 4589933038199964993

55 kd29 the Gusty (level 3, -1/24 HPs)
             Began as a Demonspawn Air Elementalist on Sept 2, 2022.
             Slain by an orc wizard
             ... wielding a +0 dagger
              (4 damage)
             ... on level 1 of the Dungeon.
             The game lasted 00:03:21 (1468 turns).

kd29 the Gusty (Demonspawn Air Elementalist)        Turns: 1468, Time: 00:03:22

Health: -1/24      AC:  2    Str:  8    XL:     3   Next: 67%
Magic:  0/7        EV: 12    Int: 18    God:
Gold:   27         SH:  0    Dex: 13    Spells: 6/7 levels left

rFire   . . .      SeeInvis .   j - staff of conjuration
rCold   . . .      Faith    .   (no shield)
rNeg    . . .      Spirit   .   a - +0 robe
rPois   .          Reflect  .   (no helmet)
rElec   .          Harm     .   (no cloak)
rCorr   .          Rampage  .   (no gloves)
Will    .....                   (no boots)
Stlth   ++........              (no amulet)
HPRegen 0.08/turn               (no ring)
MPRegen 0.10/turn               (no ring)

@: attractive
A: demonic guardian 1, foul stench 1
a: no special abilities


You were on level 1 of the Dungeon.
You visited 1 branch of the dungeon, and saw 2 of its levels.

You collected 27 gold pieces.

Inventory:

Armour
 a - a +0 robe (worn)
Magical Staves
 j - a staff of conjuration (weapon)
Scrolls
 c - a scroll of magic mapping {unknown}
 d - a scroll of silence {unknown}
 e - a scroll of enchant armour {unknown}
 f - a scroll of vulnerability {unknown}
 h - 2 scrolls of identify {unknown}
 i - a scroll of noise {unknown}
 k - a scroll of poison {unknown}
 m - 2 scrolls of immolation {unknown}
 n - a scroll of enchant weapon {unknown}
Potions
 b - a potion of magic
 l - a potion of berserk rage {unknown}
 o - a potion of invisibility {unknown}


   Skills:
 - Level 1.8 Dodging
 - Level 1.8 Stealth
 + Level 2.6 Spellcasting
 - Level 1.0 Conjurations
 * Level 3.7 Air Magic


You had 6 spell levels left.
You knew the following spells:

 Your Spells              Type           Power      Damage    Failure   Level
a - Shock                 Conj/Air       64%        1d7       6%          1

Your spell library contained the following spells:

 Spells                   Type           Power      Damage    Failure   Level
 Static Discharge         Conj/Air       16%        3-5/arc   10%         2
 Swiftness                Air            15%        N/A       11%         3
 Airstrike                Air            7%         2d(2-18)  34%         4


Dungeon Overview and Level Annotations

Branches:
Dungeon (2/15)

Altars:

Shops:
D:1 :


Innate Abilities, Weirdness & Mutations

A weak demonic guardian rushes to your aid.
You may rarely emit foul miasma when damaged in melee.


Message History

Casting: Shock (safe; 8% risk of failure)
Confirm with . or Enter, or press ? or * to list all spells.
Aiming: Shock (safe; 8% risk of failure)
Press: ? - help, Shift-Dir - straight line You feel a surge of power!
The zap hits the orc.
You kill the orc!
The zap hits the orc wizard.
The orc wizard is severely wounded.
The zap hits the orc wizard.
The orc wizard is almost dead.
The orc wizard points at you and mumbles some strange words.
The magic dart hits you.
You have reached level 3!
Your experience leads to an increase in your attributes!
Increase (S)trength, (I)ntelligence, or (D)exterity?
You feel clever. x2; Your demonic ancestry asserts itself...
You feel the presence of a demonic guardian.
Casting: Shock (safe; 7% risk of failure)
Confirm with . or Enter, or press ? or * to list all spells.
Aiming: Shock (safe; 7% risk of failure)
Press: ? - help, Shift-Dir - straight line You feel a surge of power!
The zap hits the orc wizard.
You kill the orc wizard!
The zap hits something.
You can't go down here!
You hear some strange, mumbled words.
A puff of flame appears from out of thin air!
The puff of flame hits you!
* * * LOW HITPOINT WARNING * * *
A demonic guardian appears!
You climb upwards.
Reactivating autopickup.
There is a stone staircase leading down here.
You start resting.
Something hits you.
* * * LOW HITPOINT WARNING * * *
Deactivating autopickup; reactivate with Ctrl-A.
It was a potion of attraction.
You feel attractive to monsters. Something hits you.
You die...

############## ##.....##.
#......#.....# #..###.##.
#.####.#.###.# ####.##...##.
#.##.#.#.###.# #..........#.
#....#.#.#...###.#........#.
#######.#.#.............♣.♣....
#.......).......[..#......♣...#
###.##.####..#{.##.#.).♣.....##
#.##........@........♣♣....#
#.####.....................#
#....'........#.#..........#
######............#..#..####
#...............##..##
#...............###..#
#........###.#..####.###
##'##...................
###'#########.#######.###


There were no monsters in sight!

Vanquished Creatures
  An orc wizard (D:2)
  A dart slug (D:1)
  2 orcs (D:2)
  4 endoplasms
  4 giant cockroaches
  A hobgoblin (D:1)
  2 jackals (D:1)
  A quokka (D:2)
  2 ball pythons
  A frilled lizard (D:1)
  A goblin (D:2)
  2 kobolds
  2 rats
24 creatures vanquished.

Notes
Turn   | Place    | Note
-------+----------+-------------------------------------------
     0 | D:1      | kd29 the Demonspawn Air Elementalist began the quest for
                  | the Orb.
     0 | D:1      | Reached XP level 1. HP: 13/13 MP: 3/3
   349 | D:1      | Found Gurom's Book Emporium.
   438 | D:1      | Reached skill level 3 in Air Magic
   438 | D:1      | Gained mutation: You may rarely emit foul miasma when
                  | damaged in melee. [demonic ancestry]
   438 | D:1      | Reached XP level 2. HP: 19/19 MP: 0/5
  1464 | D:2      | Gained mutation: A weak demonic guardian rushes to your
                  | aid. [demonic ancestry]
  1464 | D:2      | Reached XP level 3. HP: 13/24 MP: 1/6
  1468 | D:1      | Slain by an orc wizard

Illustrated notes

Levels and vault maps discovered:
D:1:      elethiomel_arrival_infinity_welcomes_careful_drivers, layout_basic,
          serial_shops, nicolae_shop_stone, chequers_garden
D:2:      kb_forest_paths, layout_basic, serial_forest,
          infiniplex_forest_diagonal, infiniplex_forest_split,
          infiniplex_forest_straight_2, infiniplex_forest_lined_room_2,
          infiniplex_forest_corner_1, infiniplex_forest_lined_3,
          infiniplex_forest_straight_2, dk_noncrumbling_3

Skill      XL: |  1 |
---------------+----+-----
Air Magic      | 3 |  3.7
Dodging        | |  1.8
Stealth        | |  1.8
Spellcasting   | |  2.6
Conjurations   | |  1.0

Action                   || total
-------------------------++-------
Melee: Staff             ||    24
 Cast: Shock             ||    41
  Use: Potion            ||     1
Armor: Robe              ||    11
Dodge: Dodged            ||    33
